 Dungeon Crawl Stone Soup version 0.31-a0-986-g5e6e4ef867 (webtiles) character file.

Game seed: 12134322923090318729

485 porpoise the Caller (level 7, -1/36 HPs)
             Began as a Tengu Summoner on Nov 11, 2023.
             Slain by a sleepcap (19 damage)
             ... on level 4 of the Dungeon.
             The game lasted 00:17:51 (4474 turns).

porpoise the Caller (Tengu Summoner)                Turns: 4474, Time: 00:17:51

Health: -1/36      AC:  4    Str:  8    XL:     7   Next: 13%
Magic:  15/15      EV:  2    Int: 17    God:
Gold:   193        SH:  0    Dex: 15    Spells: 9/15 levels left

rFire   . . .        a - +0 trident
rCold   . . .        (no shield)
rNeg    . . .        d - +0 robe
rPois   .            (helmet restricted)
rElec   .            f - +1 cloak
rCorr   .            (no gloves)
SInv    .            (boots unavailable)
Will    +....        (no amulet)
Stlth   ++           i - ring of willpower
HPRegen 0.26/turn    (no ring)
MPRegen 0.14/turn

%: acrobat
@: sleeping, flying
A: beak, talons 3, evasive flight, acrobatic
a: no special abilities


You were on level 4 of the Dungeon.
You visited 1 branch of the dungeon, and saw 4 of its levels.
You also visited: Sewer.

You collected 193 gold pieces.

Inventory:

Hand Weapons
 a - a +0 trident (weapon)
 b - a +2 flail of draining
Missiles
 j - 8 poisoned darts
 p - 2 throwing nets
 q - a boomerang
Armour
 d - a +0 robe (worn)
 f - a +1 cloak (worn)
Jewellery
 g - a ring of willpower
 i - a ring of willpower (left hand)
 n - an amulet of guardian spirit
Wands
 l - a wand of paralysis (10)
Scrolls
 c - a scroll of enchant armour
 e - 3 scrolls of identify
 h - 2 scrolls of teleportation
 k - a scroll of blinking
Potions
 m - 2 potions of berserk rage
 o - 2 potions of heal wounds
 r - a potion of magic


   Skills:
 + Level 2.2 Polearms
 - Level 2.1 Dodging
 - Level 2.0 Stealth
 + Level 4.8 Spellcasting
 + Level 7.6 Summonings


You had 9 spell levels left.
You knew the following spells:

 Your Spells              Type           Power      Damage    Failure   Level
a - Summon Small Mammal   Summ           100%       N/A       1%          1
b - Call Imp              Summ           58%        N/A       1%          2
c - Call Canine Familiar  Summ           29%        N/A       1%          3

Your spell library contained the following spells:

 Spells                   Type           Power      Damage    Failure   Level
 Summon Guardian Golem    Hex/Summ       17%        N/A       9%          3
 Cigotuvi's Dreadful Rot  Necr/Pois/Air  8%         N/A       22%         2
 Sublimation of Blood     Necr           4%         N/A       22%         2
 Summon Lightning Spire   Summ/Air       17%        N/A       30%         4
 Ignite Poison            Fire/Tmut/Pois 4%         N/A       41%         3
 Petrify                  Tmut/Erth      4%         N/A       82%         4
 Freezing Cloud           Conj/Ice/Air   2%         6-21      99%         5
 Irradiate                Conj/Tmut      2%         3d12      99%         5


Dungeon Overview and Level Annotations

Branches:
Dungeon (4/15)              Sewer (visited)
 Temple: D:4-7

Altars:
Gozag
Vehumet


Innate Abilities, Weirdness & Mutations

You have a beak for a mouth.
You have claws for feet.
Your magical flight helps you evade attacks. (EV +4)
You can magically evade attacks while moving or waiting.


Message History

You hit the quokka but do no damage. Your kick misses the quokka.
The quokka is almost dead.
The quokka bites you. The quokka closely misses you.
You puncture the quokka!
You kill the quokka!
The sleepcap barely misses you.
You hit the sleepcap but do no damage. The sleepcap completely misses you.
You hit the sleepcap.
The sleepcap is lightly damaged.
The sleepcap completely misses you.
You hit the sleepcap.
You claw the sleepcap, but do no damage.
You peck the sleepcap, but do no damage.
The sleepcap is moderately damaged.
The sleepcap closely misses you. The sleepcap misses you.
You hit the sleepcap but do no damage.
You claw the sleepcap, but do no damage.
You peck the sleepcap.
The sleepcap is moderately damaged.
The sleepcap misses you.
You puncture the sleepcap! You claw the sleepcap.
You peck the sleepcap, but do no damage.
The sleepcap is severely damaged.
The sleepcap releases spores at you!
You hit the sleepcap but do no damage.
You claw the sleepcap, but do no damage.
The sleepcap is severely damaged.
The sleepcap releases spores at you but does no damage.
You hit the sleepcap but do no damage. You claw the sleepcap.
The sleepcap is severely damaged.
The sleepcap releases spores at you.
You hit the sleepcap but do no damage.
You peck the sleepcap, but do no damage.
The sleepcap is severely damaged.
The sleepcap releases spores at you.
You are engulfed in a cloud of soporific spores!
You fall asleep.
The sleepcap releases spores at you!!
Ouch! That really hurt!
You die...

###...............# ...
##...##..........###.##
##..###...............g#
....# ##..†.............
....## #.#..............
..#..###.#............#
#....##...####.......#
..#.###~)≈≈≈≈#...#...##
.##..##...######@.....#
# #......## #.†f......
#.......# ##........
#....####..... #?.......
#....# .##............
#.###. .. ........... ..
. ... .#........ .. #
.... #........ . #..


You could see a sleepcap.

Vanquished Creatures
  A kobold brigand (Sewer)
  An orc priest (D:3)
  An iguana (D:4)
  2 gnolls (D:3)
  2 adders
  3 dart slugs
  11 orcs (D:3)
  2 bats
  4 endoplasms
  6 giant cockroaches
  5 goblins
  2 hobgoblins
  3 jackals
  6 kobolds
  5 quokkas
  6 ball pythons
  6 frilled lizards
  9 rats
75 creatures vanquished.

Vanquished Creatures (collateral kills)
  Pargi (Sewer)
  2 orc priests (D:3)
  5 gnolls
  An adder (D:3)
  2 orcs (D:3)
  5 bats
  3 endoplasms
  A giant cockroach (D:1)
  2 goblins
  3 hobgoblins (D:1)
  A jackal (D:1)
  2 ball pythons
  A frilled lizard (D:3)
  A kobold (D:1)
  2 rats (D:3)
32 creatures vanquished.

Grand Total: 107 creatures vanquished

Notes
Turn   | Place    | Note
-------+----------+-------------------------------------------
     0 | D:1      | porpoise the Tengu Summoner began the quest for the Orb.
     0 | D:1      | Reached XP level 1. HP: 10/10 MP: 4/4
    57 | D:1      | Reached skill level 5 in Summonings
   204 | D:1      | Reached XP level 2. HP: 13/15 MP: 6/6
   216 | D:1      | Learned a level 2 spell: Call Imp
   623 | D:1      | Reached XP level 3. HP: 19/19 MP: 3/7
  1039 | D:1      | Found a faded altar of an unknown god.
  1213 | D:2      | Reached XP level 4. HP: 13/24 MP: 6/9
  2072 | D:3      | Found a glowing drain.
  2081 | D:3      | Reached skill level 6 in Summonings
  2101 | Sewer    | Entered a sewer
  2282 | Sewer    | Noticed a kobold brigand
  2297 | Sewer    | Killed a kobold brigand
  2298 | Sewer    | Reached XP level 5. HP: 8/28 MP: 11/11
  2423 | Sewer    | Noticed Pargi
  2437 | Sewer    | Killed Pargi
  2438 | Sewer    | Reached skill level 7 in Summonings
  2438 | Sewer    | Reached XP level 6. HP: 20/32 MP: 8/13
  2449 | Sewer    | Learned a level 3 spell: Call Canine Familiar
  2614 | D:3      | Found a radiant altar of Vehumet.
  2776 | D:3      | Reached skill level 1 in Polearms
  3264 | D:3      | Found an opulent altar of Gozag.
  3869 | D:3      | Gained mutation: Your magical flight helps you evade
                  | attacks. (EV +4) [Tengu growth]
  3869 | D:3      | Reached XP level 7. HP: 18/36 MP: 10/15
  4474 | D:4      | Slain by a sleepcap

Illustrated notes

Levels and vault maps discovered:
D:1:      scummos_arrival_gate, layout_rooms,
          shapermc_ecumenical_altar_mp_ritualfount,
          minmay_misc_feat_more_columns, minivault_27, minmay_tetromino_s4
D:2:      layout_basic, minmay_misc_feat_encased
D:3:      minmay_razor_zed, layout_loops_corners, nicolae_gozag_seed_capital,
          mainiacjoe_overflow_24_doors, portal_sewer_entry_c
D:4:      layout_cave_pools, chequers_serial_rivers_micro_b, st_stairs_7,
          hangedman_glass_teeth, grunt_decor_fettered, uniq_grinder

Skill      XL: |  1  2  3  4  5  6  7 |
---------------+----------------------+-----
Summonings     | 5 6 7 |  7.6
Spellcasting   | 3 4 |  4.8
Polearms       | 1 2 |  2.2
Dodging        | |  2.1
Stealth        | |  2.0

Action                     |  1- 3 |  4- 6 |  7- 9 || total
---------------------------+-------+-------+-------++-------
  Melee: Dagger            |    31 |       |       ||    31
         Peck              |     6 |    17 |     5 ||    28
         Kick              |    12 |    47 |     9 ||    68
         Spear             |    18 |   112 |       ||   130
         Trident           |       |    78 |    35 ||   113
         Punch             |       |     2 |     1 ||     3
   Cast: Summon Small Mamm |    17 |    11 |     2 ||    30
         Call Imp          |     6 |     8 |     3 ||    17
         Call Canine Famil |       |     5 |     2 ||     7
    Use: Potion            |     1 |     3 |       ||     4
         Scroll            |       |     5 |     2 ||     7
   Stab: Sleeping          |     2 |    12 |     1 ||    15
         Distracted        |     1 |     1 |       ||     2
 Armour: Robe              |    34 |    91 |    15 ||   140
  Dodge: Dodged            |    59 |    90 |    28 ||   177

Table legend: (Time is in decaauts)
 A = Elapsed time spent in this place.
 B = Non-inter-level travel time spent in this place.
 C = Inter-level travel time spent in this place.
 D = Time resting spent in this place.
 E = Time spent auto-exploring this place.
 F = Levels seen in this place.
 G = Mean time per level.
                   A        B        C        D        E       F      G
               +--------+--------+--------+--------+--------+-----+--------+
         Total |   4501 |   4391 |    110 |   1355 |   2095 |   5 |  900.2 |
       Dungeon |   4138 |   4028 |    110 |   1174 |   2045 |   4 | 1034.5 |
         Sewer |    362 |    362 |      0 |    181 |     50 |   1 |  362.0 |
               +--------+--------+--------+--------+--------+-----+--------+

Top non-repeatable levels by time:
     D:3: 1891 daAuts
     D:1: 1203 daAuts
     D:2: 803 daAuts
   Sewer: 362 daAuts
     D:4: 240 daAuts
